[Event "Romanian Open 2021"]
[Site "Alba Iulia"]
[Date "2021.11.24"]
[Round "6.5"]
[White "Padurariu, Mihai-Edward"]
[Black "Nastore, Pavel-Alexandru"]
[Result "1/2-1/2"]
[ECO "B51"]
[WhiteElo "2251"]
[BlackElo "2249"]
[Annotator "ChessBase"]
[PlyCount "49"]
[EventDate "2021.11.21"]
[EventType "swiss"]
[EventCountry "ROU"]
[SourceTitle "playchess.com"]
[Source "ChessBase"]
[SourceQuality "1"]
[TimeControl "5400+30"]

1. e4 c5 2. Nf3 d6 3. d4 cxd4 4. Qxd4 Nc6 5. Bb5 a6 6. Bxc6+ bxc6 7. O-O e5 8. Qd3 Qc7 9. c4 Be7 10. c5 dxc5 11. Nbd2 Nf6 12. Nc4 Nd7 13. Be3 O-O 14. Rad1 Rd8 15. Qc3 f6 16. Qa5 Ra7 17. Bd2 Nb8 18. Qa3 Qb7 19. Rc1 a5 20. Bxa5 Be6 21. Qc3 Re8 22. Nfd2 Nd7 23. a3 Bf7 24. b4 cxb4 25. axb4 1/2-1/2

[Event "Romanian Open 2021"]
[Site "Alba Iulia"]
[Date "2021.11.24"]
[Round "6.9"]
[White "Negrean, Andrei"]
[Black "Tudor, Henry Edward"]
[Result "1-0"]
[ECO "E05"]
[WhiteElo "1847"]
[BlackElo "1753"]
[Annotator "NA RC"]
[PlyCount "79"]
[EventDate "2021.11.21"]
[EventType "swiss"]
[EventCountry "ROU"]
[SourceTitle "playchess.com"]
[Source "ChessBase"]
[SourceQuality "1"]
[TimeControl "5400+30"]

1. d4 Nf6 2. Nf3 e6 3. g3 d5 4. Bg2 Be7 5. O-O O-O 6. c4 dxc4 7. Qc2 b5 8. a4 b4 9. Qxc4 Ba6 10. Qc2 Bb7 11. Bg5 Be4 12. Qc1 h6 13. Bxf6 Bxf6 14. Nbd2 Bb7 15. Nb3 Nd7 16. Na5 Be4 17. Nc6 Qc8 18. Ne1 ({Stronger than} 18. Nxb4 c5 $15) ({Better is} 18. Nfe5 $16 Bxg2 19. Kxg2) 18... Bxg2 $1 19. Nxg2 Qb7 (19... Nb8 $11) 20. e3 Nb8 21. Nxb8 Raxb8 22. Qc5 Rfc8 23. Nf4 c6 24. Nd3 Be7 25. Qc4 a5 26. Nc5 Qa7 27. Rfc1 Rb6 28. Nxe6 $1 Qa6 (28... c5 $16 {keeps fighting.}) 29. Nc5 Qxc4 30. Rxc4 b3 $1 $11 {[%emt 0:00:01] and Black stays safe.} 31. Ra3 (31. Rac1 $18 f6) 31... Rcb8 (31... Rd8 $16 32. Ra1 Bxc5) 32. Ra1 $2 (32. Kg2 $18) 32... Rb4 $2 33. Rc3 R8b6 (33... Ra8 $142 34. Nd3 Rb6) 34. Nd3 c5 (34... Kf8 $142 35. Kg2 f5) 35. Nxb4 axb4 36. Rc4 cxd4 37. exd4 Re6 38. a5 $18 Ra6 39. Rc8+ Kh7 40. Rb8 1-0

[Event "Romanian Open 2021"]
[Site "Alba Iulia"]
[Date "2021.11.24"]
[Round "6.11"]
[White "Sava, Robert-Gabriel"]
[Black "Botea, David-Alexandru"]
[Result "1/2-1/2"]
[ECO "B09"]
[WhiteElo "1735"]
[BlackElo "2013"]
[Annotator "ChessBase"]
[PlyCount "106"]
[EventDate "2021.11.21"]
[EventType "swiss"]
[EventCountry "ROU"]
[SourceTitle "playchess.com"]
[Source "ChessBase"]
[SourceQuality "1"]
[TimeControl "5400+30"]

1. e4 d6 2. d4 Nf6 3. Nc3 g6 4. f4 Bg7 5. Bd3 Nc6 6. Nf3 Bg4 7. Be3 e5 8. fxe5 dxe5 9. dxe5 Bxf3 10. gxf3 Nxe5 11. Bb5+ Nfd7 12. Be2 Bh6 13. Qd2 Qh4+ 14. Kd1 Bxe3 15. Qxe3 Nb6 16. b3 f5 17. exf5 O-O-O+ 18. Kc1 Rhe8 19. Rd1 Nd3+ 20. Qxd3 Rxd3 21. Rxd3 Qxh2 22. fxg6 hxg6 23. Bf1 Re1+ 24. Kb2 Rxa1 25. Kxa1 Qh1 26. Rd1 Qxf3 27. Bd3 Qf6 28. Kb2 Nd5 29. Bf5+ gxf5 30. Rxd5 f4 31. Rd2 f3 32. Rf2 c5 33. a3 a5 34. a4 b6 35. Rf1 f2 36. Ka2 Qxc3 37. Rxf2 Kb7 38. Re2 b5 39. axb5 Kb6 40. Kb1 Kxb5 41. Re4 Kc6 42. Rc4 Qd2 43. Kb2 Kd5 44. Kb1 Qe2 45. Ra4 Qe1+ 46. Kb2 Qd2 47. Rc4 Qe2 48. Ra4 Qe1 49. Rc4 Qb4 50. Rxb4 axb4 51. Kc1 c4 52. bxc4+ Kxc4 53. Kb2 Kc5 1/2-1/2